AoeStats
← Michi3052

Four Lakes

508896443Analyzed
1v1 RM · 8d ago on Sep 24, 2026· 26m 43s· 2 players
Game mode
Random Map
Map size
Tiny (2 player)
Population
200
Speed
Normal
Resources
Standard
Victory
Conquest
Starting age
Dark Age
Ending age
Imperial Age
RankedLock teamsTeams togetherTeam positionsShared explorationLock speedFull tech treeHidden civsTurbo modeCheats
Victory
Defeat
🇺🇸 Franks · United States
797
+14
🇪🇸 Turks · Spain
745
-14
Michi3052
13:14 Feudal Age
14:21 Double-Bit Axe
16:53 Horse Collar
19:50 Castle Age
24:41 Bloodlines
24:58 Bow Saw
AlliterationAlan
4:45 Loom
11:15 Feudal Age
13:27 Double-Bit Axe
19:55 Castle Age
18:45 Forging
18:41 Scale Barding Armor
20:39 Husbandry
21:59 Iron Casting
21:44 Chain Barding Armor
21:34 Fishing Lines
22:50 Gold Mining
23:12 Bow Saw
22:54 Gillnets
25:03 Wheelbarrow
Connection lost

Rejoining the realm…

Still unreachable

The connection could not be restored.

Session expired

The server has moved on; the page needs a fresh start.